 Dungeon Crawl Stone Soup version 0.30.1-11-g7821555f0a (webtiles) character file.

Game seed: 12157395203451517473

57 Cheops the Slasher (level 3, -1/27 HPs)
             Began as a Demonspawn Gladiator on Nov 28, 2023.
             Succumbed to a goblin's poison
             ... on level 2 of the Dungeon.
             The game lasted 00:04:32 (1676 turns).

Cheops the Slasher (Demonspawn Gladiator)           Turns: 1676, Time: 00:04:32

Health: -1/27      AC:  4    Str: 14    XL:     3   Next: 73%
Magic:  3/3        EV: 12    Int:  9    God:
Gold:   156        SH:  0    Dex: 16    Spells: 2/2 levels left

rFire   . . .        a - +0 long sword
rCold   . . .        (no shield)
rNeg    . . .        b - +0 leather armour
rPois   .            c - +0 helmet
rElec   .            (no cloak)
rCorr   .            (no gloves)
SInv    .            (no boots)
Will    .....        p - amulet of guardian spirit
Stlth   +            (no ring)
HPRegen 0.24/turn    (no ring)
MPRegen 0.08/turn

%: guardian spirit
@: lethally poisoned (-1 -> -7)
A: hooves 1, demonic guardian 1
a: no special abilities


You were on level 2 of the Dungeon.
You visited 1 branch of the dungeon, and saw 4 of its levels.

You collected 156 gold pieces.

Inventory:

Hand Weapons
 a - a +0 long sword (weapon)
Missiles
 d - 4 throwing nets (quivered)
 e - a javelin
Armour
 b - a +0 leather armour (worn)
 c - a +0 helmet (worn)
Jewellery
 k - an amulet of faith
 p - an amulet of guardian spirit (around neck)
Scrolls
 m - a scroll of enchant armour {unknown}
Potions
 f - 2 potions of invisibility {unknown}
 g - 3 potions of brilliance {unknown}
 h - a potion of cancellation {unknown}
 i - a potion of magic {unknown}
 j - 2 potions of lignification {unknown}
 l - a potion of attraction {unknown}
 n - a potion of heal wounds {unknown}
 o - 2 potions of curing {unknown}
 q - 2 potions of flight {unknown}


   Skills:
 - Level 2.0 Fighting
 + Level 4.3 Long Blades
 - Level 1.7 Throwing
 - Level 2.6 Dodging


You had 2 spell levels left.
You didn't know any spells.
Your spell library was empty.

Dungeon Overview and Level Annotations

Branches:
Dungeon (4/15)
 Temple: D:4-7

Altars:

Annotations:
D:3 Robin


Innate Abilities, Weirdness & Mutations

You have large cloven feet.
A weak demonic guardian rushes to your aid.


Message History

The goblin closely misses you. The goblin hits you but does no damage.
The endoplasm hits you but does no damage.
Robin throws the goblin at you!
The goblin shouts!
The endoplasm closely misses you. The goblin hits you but does no damage.
You are poisoned.
The goblin hits you with a +0 dagger.
You climb upwards.
You feel very sick.
There is a stone staircase leading down here.
You feel sick. The goblin hits you but does no damage.
You are more poisoned.
The goblin attacks as you move away!
The goblin hits you with a +0 dagger of venom.
You feel very sick.
There is an open door here.
You feel sick.
You hit the goblin. Your kick misses the goblin.
The goblin is severely wounded.
You feel very sick. The goblin hits you but does no damage.
You slash the goblin!
You kill the goblin!
You feel sick.
You barely miss the goblin.
You feel sick. The goblin hits you but does no damage.
You are lethally poisoned!
You hit the goblin.
You kill the goblin!
* * * LOW HITPOINT WARNING * * *
You feel very sick.
You hit the endoplasm.
You kill the endoplasm!
* * * LOW HITPOINT WARNING * * *
You feel very sick.
You swing at nothing.
* * * LOW HITPOINT WARNING * * *
You feel sick.
You swing at nothing.
You die...

##########.## ##.####...... #.#
#..>######.# #.# ###.# #.# ##+##
#.# #.# #### ##...## #.# #.# ...#
##.....## ### #.# #.#
.#.####......>## ##.###.# ##.#
....##.........####...##.#####.#.
...#...........)@................
..###..........####.......#####.#
.#.#.##.......## ##......# #.#
##..####.....## ##.....# #.#
##..# ##...## ##...## #.# ....#
##'## ##.## #.# ###.# #.# #.# #.#
#.# #.# #.# ####.# #.# ##.## #.#
#.....


There were no monsters in sight!

Vanquished Creatures
  A worm (D:2)
  2 dart slugs
  6 ball pythons
  6 endoplasms
  8 goblins
  8 hobgoblins
  3 jackals (D:1)
  2 quokkas
  3 bats (D:1)
  A kobold (D:1)
  3 rats
43 creatures vanquished.

Notes
Turn   | Place    | Note
-------+----------+-------------------------------------------
     0 | D:1      | Cheops the Demonspawn Gladiator began the quest for the
                  | Orb.
     0 | D:1      | Reached XP level 1. HP: 16/16 MP: 1/1
   132 | D:1      | Reached skill level 3 in Long Blades
   207 | D:1      | Discovered your monstrous ancestry.
   207 | D:1      | Gained mutation: You have large cloven feet. [demonic
                  | ancestry]
   207 | D:1      | Reached XP level 2. HP: 21/22 MP: 2/2
   319 | D:1      | Found a faded altar of an unknown god.
   624 | D:2      | Gained mutation: A weak demonic guardian rushes to your
                  | aid. [demonic ancestry]
   624 | D:2      | Reached XP level 3. HP: 27/27 MP: 3/3
   920 | D:2      | Reached skill level 4 in Long Blades
  1007 | D:2      | You fall into a shaft and drop 2 floors!
  1023 | D:4      | Noticed a scorpion
  1097 | D:3      | Noticed Robin
  1675 | D:2      | HP: 1/27 [poisoned by a goblin]
  1676 | D:2      | Succumbed to a goblin's poison

Illustrated notes

Levels and vault maps discovered:
D:1:      minmay_arrival_hallway, layout_loops_ring,
          shapermc_ecumenical_altar_pompeii, minmay_hexomino_f4
D:2:      layout_loops_corners
D:3:      layout_rooms, led_xom_imps, tso_oasis_becter, serial_curves,
          eino_curves_04, eino_curves_02, small_statue_intersection, uniq_robin,
          uniq_ijyb
D:4:      layout_cave_pools, minmay_ruined_shrine, uniq_grinder

Skill      XL: |  1  2  3 |
---------------+----------+-----
Long Blades    | 3 4 |  4.3
Fighting       | |  2.0
Throwing       | |  1.7
Dodging        | |  2.6

Action                     || total
---------------------------++-------
  Melee: Long sword        ||    83
         Kick              ||    12
   Stab: Sleeping          ||     3
 Armour: Leather armour    ||    31
  Dodge: Dodged            ||    54
